Rafales vs Coutelas
Created - November 6, 2020 at 19:11
Goals
|
Rafales |
0 |
1 |
0 |
1 |
Coutelas |
3 |
1 |
1 |
5 |
|
Shots
|
Rafales |
8 |
22 |
4 |
34 |
Coutelas |
11 |
11 |
8 |
30 |
|
1st period
1. Coutelas , Craig Cunningham 5 (Garnet Hathaway 5, Teemu Pulkkinen 6) at 14:41
2. Coutelas , Mike Reilly 1 (Garnet Hathaway 6, Tanner Richard 3) at 15:03 (PP)
3. Coutelas , Mike Amadio 2 (Craig Cunningham 4, Rhett Rakhshani 3) at 19:35
Penalties :
Zac Dalpe (Stf) for Roughing (Minor) at 14:59
2nd period
4. Coutelas , Dustin Kohn 1 (Ben Harpur 3) at 0:34
5. Rafales , Andrew Shaw 4 (Zac Dalpe 6) at 1:46
Penalties :
Ben Harpur (MDÉ) for Hooking (Minor) at 7:54, Brian Ferlin (Stf) for Hooking (Minor) at 16:03
3rd period
6. Coutelas , Kurtis Gabriel 1 (Mattias Janmark 1, Mikhail Grigorenko 2) at 17:24
Penalties :
Garnet Hathaway (MDÉ) for Cross-checking (Minor) at 0:20, Zac Dalpe (Stf) for Cross-checking (Minor) at 0:42, Oliver Bjorkstrand (MDÉ) for Hooking (Minor) at 5:34, Andrew Shaw (Stf) for Boarding (Minor) at 8:48, Patrick Sieloff (MDÉ) for Interference (Minor) at 13:26
Goalie Stats
Chris Driedger (Stf), 17 saves from 18 shots - (0.944), 39:26 minutes
Leland Irving (Stf), 8 saves from 12 shots - (0.667), L, 5-3-1, 20:34 minutes
Joe Cannata (MDÉ), 33 saves from 34 shots - (0.971), W, 4-3-0, 60:00 minutes
Players Stats for Rafales
Player Name G A P +/- PIM S H SB GA TA FO MP PP MP PK MP
------------------------------------------------------------------------------------
Andrew Shaw 1 0 1 0 2 6 4 0 0 0 1/2 21:35 3:21 0:00
Ben Johnson 0 0 0 0 0 0 0 0 0 0 0/0 0:00 0:00 0:00
Ben Thomson 0 0 0 0 0 3 1 1 0 0 1/2 12:38 0:00 0:42
Blake Speers 0 0 0 0 0 0 0 0 0 0 0/0 0:00 0:00 0:00
Borna Rendulic 0 0 0 0 0 1 3 0 1 0 0/0 13:11 0:26 0:00
Brad Ross 0 0 0 0 0 0 2 0 0 0 0/0 2:55 0:04 1:43
Brian Ferlin 0 0 0 -3 2 6 1 0 0 0 0/0 21:11 2:32 1:28
Connor Murphy 0 0 0 -2 0 4 0 2 0 3 0/0 27:11 3:14 1:15
David Broll 0 0 0 0 0 0 0 0 0 0 0/0 0:00 0:00 0:00
Dylan McIlrath 0 0 0 -2 0 3 4 0 0 3 0/0 23:53 2:49 0:00
Gabriel Carlsson 0 0 0 0 0 0 0 4 0 0 0/0 23:46 2:53 1:37
Garret Ross 0 0 0 -1 0 0 0 0 1 0 0/1 14:35 2:54 0:00
James Sheppard 0 0 0 0 0 3 4 0 1 0 1/1 20:56 3:21 0:31
Jayson Megna 0 0 0 -1 0 1 3 0 0 2 10/20 14:50 0:00 2:45
Joe Labate 0 0 0 -2 0 1 1 0 0 0 0/4 9:48 2:54 0:00
Joey Laleggia 0 0 0 0 0 0 1 0 0 0 0/0 5:44 0:00 2:47
Julian Melchiori 0 0 0 -1 0 2 0 1 0 1 0/0 27:37 1:47 3:09
Pavel Kraskovsky 0 0 0 0 0 0 0 0 0 0 0/0 0:00 0:00 0:00
Ryan Bourque 0 0 0 0 0 1 5 0 1 0 1/6 14:26 0:04 1:08
Slater Koekkoek 0 0 0 -1 0 1 2 0 0 0 0/0 11:49 1:55 0:00
Tyrell Goulbourne 0 0 0 -2 0 0 0 0 0 0 0/0 6:41 0:00 0:00
Zac Dalpe 0 1 1 0 4 2 3 0 0 0 18/29 21:09 3:20 0:31
Players Stats for Coutelas
Player Name G A P +/- PIM S H SB GA TA FO MP PP MP PK MP
------------------------------------------------------------------------------------
Ben Harpur 0 1 1 2 2 0 1 0 0 0 0/0 27:17 2:54 2:32
Craig Cunningham 1 1 2 2 0 6 1 4 3 0 2/2 26:06 2:15 3:01
Dustin Kohn 1 0 1 2 0 1 2 0 2 1 0/0 28:51 2:54 3:55
Garnet Hathaway 0 2 2 1 2 3 2 0 3 0 1/2 16:50 2:37 0:00
Julius Honka 0 0 0 1 0 0 0 1 0 1 0/0 11:58 0:00 0:56
Juraj Mikus 0 0 0 0 0 3 1 0 0 0 9/16 19:15 1:47 3:27
Kurtis Gabriel 1 0 1 1 0 2 1 0 0 0 1/1 11:54 0:00 0:00
Mattias Janmark 0 1 1 1 0 2 1 0 0 0 0/1 11:54 0:00 0:00
Mike Amadio 1 0 1 1 0 1 0 0 0 1 4/6 10:18 0:00 1:46
Mike Reilly 1 0 1 0 0 4 0 1 0 0 0/0 20:07 1:30 2:24
Mikhail Grigorenko 0 1 1 1 0 2 3 0 0 0 2/6 13:03 0:00 0:44
Myles Bell 0 0 0 0 0 0 0 0 0 0 0/0 0:03 0:00 0:00
Nick Mattson 0 0 0 0 0 1 0 0 0 1 0/0 20:07 1:30 2:24
Oliver Bjorkstrand 0 0 0 1 2 1 2 0 0 0 0/0 8:12 0:00 0:00
Patrick Sieloff 0 0 0 1 2 0 2 1 0 0 0/0 11:51 0:00 0:27
Rhett Rakhshani 0 1 1 0 0 1 2 0 0 0 1/1 15:35 1:47 0:00
Tanner Richard 0 1 1 1 0 2 2 0 0 0 13/30 18:28 2:37 1:13
Teemu Pulkkinen 0 1 1 0 0 1 0 0 1 0 0/0 20:11 2:09 2:27
3 Stars
1 - Joe Cannata (MDÉ)
2 - Craig Cunningham (MDÉ)
3 - Dustin Kohn (MDÉ)
Power Play
Rafales - 0 on 4 Attempt(s) - 0.00%
Coutelas - 1 on 4 Attempt(s) - 25.00%
Penalty Kill
Rafales - 3 on 4 Attempt(s) - 75.00%
- Score 0 goal in Penalty Kill
Coutelas - 4 on 4 Attempt(s) - 100.00%
- Score 0 goal in Penalty Kill
Team Stat
Rafales - Hits : 34 - Faceoff Wins : 32 - Blocked Shots : 8 - Penalty Minutes : 8
Coutelas - Hits : 20 - Faceoff Wins : 33 - Blocked Shots : 7 - Penalty Minutes : 8
Official
Referees : Unknown
Linesman : Unknown
Game Notes
Chris Driedger enters game at 0:34 of 2nd period
Finance
Level 1 -- Attendance: 1388 (69.40%) -- Ticket Income $55,520
Level 2 -- Attendance: 618 (61.80%) -- Ticket Income $12,360
Total Attendance: 2006 (66.87%)
Total Ticket Income: $67,880
Other Income: $3,394
Total Income: $71,274
Rafales
5 vs 5 Forward
Center Left Wing Right Wing Time % Phy DF OF
1 Zac Dalpe James Sheppard Andrew Shaw 40 1 1 3
2 Jayson Megna Garret Ross Brian Ferlin 30 2 1 2
3 Ryan Bourque Ben Thomson Borna Rendulic 20 2 2 1
4 Joe Labate Tyrell Goulbourne Brian Ferlin 10 1 3 1
5 vs 5 Defense
Defense Defense Time % Phy DF OF
1 Connor Murphy Dylan McIlrath 40 1 2 2
2 Gabriel Carlsson Julian Melchiori 35 1 2 2
3 Julian Melchiori Slater Koekkoek 20 1 2 2
4 Connor Murphy Gabriel Carlsson 5 1 2 2
PowerPlay Forward
Center Left Wing Right Wing Time % Phy DF OF
1 Zac Dalpe James Sheppard Andrew Shaw 60 1 1 3
2 Joe Labate Garret Ross Brian Ferlin 40 1 1 3
PowerPlay Defense
Defense Defense Time % Phy DF OF
1 Connor Murphy Gabriel Carlsson 60 1 1 3
2 Dylan McIlrath Julian Melchiori 40 1 1 3
Penalty Kill 4 Players Forward
Center Wing Time % Phy DF OF
1 Jayson Megna Brian Ferlin 60 2 2 1
2 Zac Dalpe James Sheppard 40 1 3 1
Penalty Kill 4 Players Defense
Defense Defense Time % Phy DF OF
1 Joey Laleggia Julian Melchiori 60 1 3 1
2 Connor Murphy Gabriel Carlsson 40 2 2 1
Penalty Kill - 3 Players Forward
Forward Time % Phy DF OF
1 Jayson Megna 60 1 2 2
2 Zac Dalpe 40 1 2 2
Penalty Kill - 3 Players Defense
Defense Defense Time % Phy DF OF
1 Joey Laleggia Julian Melchiori 60 1 2 2
2 Connor Murphy Gabriel Carlsson 40 1 2 2
4 vs 4 Forward
Center Wing Time % Phy DF OF
1 Zac Dalpe Andrew Shaw 60 1 2 2
2 Jayson Megna Brian Ferlin 40 1 2 2
4 vs 4 Defense
Defense Defense Time % Phy DF OF
1 Connor Murphy Dylan McIlrath 60 1 2 2
2 Gabriel Carlsson Julian Melchiori 40 1 2 2
Last Minutes Offensive
Center Left Wing Right Wing Defense Defense
Zac Dalpe James Sheppard Andrew Shaw Connor Murphy Dylan McIlrath
Last Minutes Defensive
Center Left Wing Right Wing Defense Defense
Jayson Megna Garret Ross Andrew Shaw Joey Laleggia Connor Murphy
Goaltenders
Starting : Leland Irving
Backup : Chris Driedger
Extra Forwards
Normal : Andrew Shaw, Zac Dalpe, James Sheppard - PP : Andrew Shaw, Zac Dalpe - PK : Brian Ferlin
Extra Defensemen
Normal : Connor Murphy, Dylan McIlrath, Julian Melchiori - PP : Gabriel Carlsson - PK : Gabriel Carlsson, Connor Murphy
Penalty Shots
Zac Dalpe, James Sheppard, Andrew Shaw, Borna Rendulic, Connor Murphy
Scratches
Alexander Yelesin (Healthy), James Livingstone (Broken Right Thumb Injury), Sean Maguire (Healthy)
Coutelas
5 vs 5 Forward
Center Left Wing Right Wing Time % Phy DF OF
1 Tanner Richard Craig Cunningham Garnet Hathaway 40 1 2 2
2 Juraj Mikus Teemu Pulkkinen Rhett Rakhshani 30 1 2 2
3 Mike Amadio Craig Cunningham Oliver Bjorkstrand 20 1 2 2
4 Mikhail Grigorenko Mattias Janmark Kurtis Gabriel 10 1 2 2
5 vs 5 Defense
Defense Defense Time % Phy DF OF
1 Dustin Kohn Ben Harpur 40 1 2 2
2 Nick Mattson Mike Reilly 30 1 2 2
3 Patrick Sieloff Julius Honka 20 1 2 2
4 Dustin Kohn Ben Harpur 10 1 2 2
PowerPlay Forward
Center Left Wing Right Wing Time % Phy DF OF
1 Tanner Richard Craig Cunningham Garnet Hathaway 60 1 2 2
2 Juraj Mikus Teemu Pulkkinen Rhett Rakhshani 40 1 2 2
PowerPlay Defense
Defense Defense Time % Phy DF OF
1 Dustin Kohn Ben Harpur 60 1 2 2
2 Nick Mattson Mike Reilly 40 1 2 2
Penalty Kill 4 Players Forward
Center Wing Time % Phy DF OF
1 Juraj Mikus Craig Cunningham 60 1 2 2
2 Tanner Richard Teemu Pulkkinen 40 1 2 2
Penalty Kill 4 Players Defense
Defense Defense Time % Phy DF OF
1 Dustin Kohn Ben Harpur 60 1 2 2
2 Nick Mattson Mike Reilly 40 1 2 2
Penalty Kill - 3 Players Forward
Forward Time % Phy DF OF
1 Tanner Richard 60 1 2 2
2 Craig Cunningham 40 1 2 2
Penalty Kill - 3 Players Defense
Defense Defense Time % Phy DF OF
1 Dustin Kohn Ben Harpur 60 1 2 2
2 Nick Mattson Mike Reilly 40 1 2 2
4 vs 4 Forward
Center Wing Time % Phy DF OF
1 Mike Amadio Craig Cunningham 60 1 2 2
2 Tanner Richard Teemu Pulkkinen 40 1 2 2
4 vs 4 Defense
Defense Defense Time % Phy DF OF
1 Dustin Kohn Ben Harpur 60 1 2 2
2 Nick Mattson Mike Reilly 40 1 2 2
Last Minutes Offensive
Center Left Wing Right Wing Defense Defense
Tanner Richard Craig Cunningham Garnet Hathaway Dustin Kohn Ben Harpur
Last Minutes Defensive
Center Left Wing Right Wing Defense Defense
Tanner Richard Craig Cunningham Garnet Hathaway Dustin Kohn Ben Harpur
Goaltenders
Starting : Joe Cannata
Backup : Ilya Samsonov
Extra Forwards
Normal : Craig Cunningham, Oliver Bjorkstrand, Mike Amadio - PP : Craig Cunningham, Oliver Bjorkstrand - PK : Mike Amadio
Extra Defensemen
Normal : Patrick Sieloff, Julius Honka, Nick Mattson - PP : Patrick Sieloff - PK : Julius Honka, Nick Mattson
Penalty Shots
Oliver Bjorkstrand, Craig Cunningham, Tanner Richard, Teemu Pulkkinen, Juraj Mikus
Scratches
Colin White (Healthy), Ross Johnston (Healthy), Patrick Russell (Healthy), Zach Whitecloud (Healthy), Nick Paul (Healthy)
Duncan Siemens (Healthy), Calle Andersson (Healthy), Clark Bishop (Healthy), Nikita Scherbak (Healthy), JJ. Piccinich (Healthy)
Michael Giugovaz (Healthy)
% Time on Ice - Rafales
Lines # - Real PCT - Wanted PCT - Time Play
Normal Forward
1 - 36% - 40% - 17:22
2 - 25% - 30% - 11:41
3 - 25% - 20% - 11:56
4 - 14% - 10% - 6:41
Normal Defense
1 - 41% - 40% - 19:29
2 - 34% - 35% - 16:16
3 - 18% - 20% - 8:47
4 - 7% - 5% - 3:08
PP Forward
1 - 54% - 60% - 3:25
2 - 46% - 40% - 2:54
PP Defense
1 - 66% - 60% - 4:10
2 - 34% - 40% - 2:09
PK Forward
1 - 88% - 60% - 3:53
2 - 12% - 40% - 0:31
PK Defense
1 - 63% - 60% - 2:47
2 - 37% - 40% - 1:37
PK3 Forward
1 - 0% - 60%
2 - 0% - 40%
PK3 Defense
1 - 0% - 60%
2 - 0% - 40%
44 Forward
1 - 100% - 60% - 1:37
2 - 0% - 40% - 0:00
44 Defense
1 - 75% - 60% - 1:13
2 - 25% - 40% - 0:24
Last Minute Offensive - 0:00
Last Minute Defensive - 0:00
Total
Forward - 60:00
Defense - 60:00
|
% Time on Ice - Coutelas
Lines # - Real PCT - Wanted PCT - Time Play
Normal Forward
1 - 31% - 40% - 14:33
2 - 30% - 30% - 14:18
3 - 15% - 20% - 6:55
4 - 25% - 10% - 11:54
Normal Defense
1 - 38% - 40% - 18:00
2 - 33% - 30% - 15:56
3 - 23% - 20% - 11:02
4 - 6% - 10% - 2:42
PP Forward
1 - 51% - 60% - 2:15
2 - 49% - 40% - 2:09
PP Defense
1 - 66% - 60% - 2:54
2 - 34% - 40% - 1:30
PK Forward
1 - 81% - 60% - 5:06
2 - 19% - 40% - 1:13
PK Defense
1 - 62% - 60% - 3:55
2 - 38% - 40% - 2:24
PK3 Forward
1 - 0% - 60%
2 - 0% - 40%
PK3 Defense
1 - 0% - 60%
2 - 0% - 40%
44 Forward
1 - 75% - 60% - 1:13
2 - 25% - 40% - 0:24
44 Defense
1 - 82% - 60% - 1:20
2 - 18% - 40% - 0:17
Last Minute Offensive - 0:00
Last Minute Defensive - 0:00
Total
Forward - 60:00
Defense - 60:00
|
Play-by-Play
1st period
0:01 of 1st period - Zac Dalpe wins face-off versus Tanner Richard in neutral zone.
2:38 of 1st period - Off-side.
2:39 of 1st period - Mikhail Grigorenko wins face-off versus Ryan Bourque in neutral zone.
2:50 of 1st period - Dustin Kohn is hit by Ryan Bourque and loses puck.
3:23 of 1st period - Slapshot by Brian Ferlin.
3:23 of 1st period - Stopped by Joe Cannata without a rebound.
3:24 of 1st period - Tanner Richard wins face-off versus Jayson Megna in Coutelas zone.
3:37 of 1st period - Snap shot by Garnet Hathaway.
3:37 of 1st period - Shot Misses the Net.
4:18 of 1st period - Slapshot by Andrew Shaw.
4:18 of 1st period - Shot Misses the Net.
5:42 of 1st period - Teemu Pulkkinen is hit by Jayson Megna and loses puck.
7:08 of 1st period - Zac Dalpe is hit by Kurtis Gabriel and loses puck.
7:44 of 1st period - Snap shot by Oliver Bjorkstrand.
7:44 of 1st period - Deflect By Brian Ferlin.
7:44 of 1st period - Shot Misses the Net.
7:44 of 1st period - Puck is out of play.
7:45 of 1st period - Garnet Hathaway wins face-off versus Ben Thomson in Rafales zone.
7:58 of 1st period - Nick Mattson is hit by Ryan Bourque and loses puck.
8:23 of 1st period - Wrist shot by Andrew Shaw.
8:23 of 1st period - Stopped by Joe Cannata without a rebound.
8:24 of 1st period - Zac Dalpe wins face-off versus Mattias Janmark in Coutelas zone.
8:49 of 1st period - Garret Ross is hit by Garnet Hathaway and loses puck.
9:01 of 1st period - Craig Cunningham is hit by Brian Ferlin and loses puck.
9:14 of 1st period - Teemu Pulkkinen is hit by Borna Rendulic and loses puck.
9:53 of 1st period - Wrist shot by Connor Murphy.
9:53 of 1st period - Stopped by Joe Cannata with a rebound.
9:55 of 1st period - Backhand shot by Connor Murphy.
9:55 of 1st period - Stopped by Joe Cannata with a rebound.
9:57 of 1st period - Snap shot by Brian Ferlin.
9:57 of 1st period - Shot Misses the Net.
10:13 of 1st period - Slapshot by Rhett Rakhshani.
10:13 of 1st period - Shot Blocked by Ben Thomson.
10:23 of 1st period - Craig Cunningham is hit by Dylan McIlrath and loses puck.
11:28 of 1st period - Slapshot by Craig Cunningham.
11:28 of 1st period - Stopped by Leland Irving with a rebound.
11:38 of 1st period - Gabriel Carlsson is hit by Mikhail Grigorenko and loses puck.
11:45 of 1st period - Wrist shot by Mattias Janmark.
11:45 of 1st period - Shot Blocked by Gabriel Carlsson.
11:59 of 1st period - Wrist shot by Brian Ferlin.
11:59 of 1st period - Shot Misses the Net.
12:01 of 1st period - Snap shot by Andrew Shaw.
12:01 of 1st period - Stopped by Joe Cannata with a rebound.
12:03 of 1st period - Slapshot by Gabriel Carlsson.
12:03 of 1st period - Deflect By Zac Dalpe.
12:03 of 1st period - Shot Blocked by Craig Cunningham.
12:03 of 1st period - Puck is out of play.
12:04 of 1st period - Juraj Mikus wins face-off versus Zac Dalpe in Coutelas zone.
12:27 of 1st period - Kurtis Gabriel is hit by Ben Thomson and loses puck.
12:40 of 1st period - Snap shot by Ryan Bourque.
12:40 of 1st period - Shot Misses the Net.
12:56 of 1st period - Wrist shot by Garnet Hathaway.
12:56 of 1st period - Stopped by Leland Irving with a rebound.
12:58 of 1st period - Snap shot by Dustin Kohn.
12:58 of 1st period - Shot Misses the Net.
13:36 of 1st period - Icing by Ben Harpur.
13:37 of 1st period - Rhett Rakhshani wins face-off versus Ryan Bourque in Coutelas zone.
14:18 of 1st period - Juraj Mikus is hit by James Sheppard and loses puck.
14:39 of 1st period - Slapshot by Craig Cunningham.
14:39 of 1st period - Stopped by Leland Irving with a rebound.
14:41 of 1st period - Wrist shot by Craig Cunningham.
14:41 of 1st period - Goal by Craig Cunningham - Rafales : 0 - Coutelas : 1.
14:42 of 1st period - Zac Dalpe wins face-off versus Tanner Richard in neutral zone.
14:57 of 1st period - Snap shot by Garnet Hathaway.
14:57 of 1st period - Stopped by Leland Irving with a rebound.
14:59 of 1st period - Minor Penalty to Zac Dalpe for Roughing.
15:00 of 1st period - Tanner Richard wins face-off versus Jayson Megna in Rafales zone.
15:01 of 1st period - Snap shot by Garnet Hathaway.
15:01 of 1st period - Shot Misses the Net.
15:03 of 1st period - Snap shot by Mike Reilly.
15:03 of 1st period - Goal by Mike Reilly - Rafales : 0 - Coutelas : 2.
15:04 of 1st period - Tanner Richard wins face-off versus Jayson Megna in neutral zone.
15:17 of 1st period - Wrist shot by Julian Melchiori.
15:17 of 1st period - Stopped by Joe Cannata with a rebound.
15:29 of 1st period - Rhett Rakhshani is hit by Zac Dalpe and loses puck.
15:38 of 1st period - Wrist shot by Andrew Shaw.
15:38 of 1st period - Shot Misses the Net.
15:58 of 1st period - Patrick Sieloff is hit by Borna Rendulic and loses puck.
16:37 of 1st period - Off-side.
16:38 of 1st period - Juraj Mikus wins face-off versus Zac Dalpe in neutral zone.
16:53 of 1st period - Ben Harpur is hit by Andrew Shaw and loses puck.
17:24 of 1st period - Ben Harpur is hit by Ryan Bourque and loses puck.
17:29 of 1st period - Wrist shot by Ryan Bourque.
17:29 of 1st period - Shot Misses the Net.
17:31 of 1st period - Snap shot by Borna Rendulic.
17:31 of 1st period - Stopped by Joe Cannata with a rebound.
17:33 of 1st period - Snap shot by Ben Thomson.
17:33 of 1st period - Shot Misses the Net.
17:43 of 1st period - Snap shot by Mattias Janmark.
17:43 of 1st period - Deflect By Craig Cunningham.
17:43 of 1st period - Stopped by Leland Irving without a rebound.
17:44 of 1st period - Mike Amadio wins face-off versus Zac Dalpe in Rafales zone.
17:49 of 1st period - Snap shot by Oliver Bjorkstrand.
17:49 of 1st period - Stopped by Leland Irving with a rebound.
17:54 of 1st period - Off-side.
17:55 of 1st period - Jayson Megna wins face-off versus Tanner Richard in neutral zone.
18:03 of 1st period - Snap shot by Garret Ross.
18:03 of 1st period - Deflect By Brian Ferlin.
18:03 of 1st period - Shot Blocked by Craig Cunningham.
18:03 of 1st period - Puck is out of play.
18:04 of 1st period - Tanner Richard wins face-off versus Jayson Megna in Coutelas zone.
18:04 of 1st period - Tanner Richard is hit by Dylan McIlrath.
18:12 of 1st period - Wrist shot by Brian Ferlin.
18:12 of 1st period - Stopped by Joe Cannata without a rebound.
18:13 of 1st period - Tanner Richard wins face-off versus Zac Dalpe in Coutelas zone.
18:45 of 1st period - Wrist shot by Mikhail Grigorenko.
18:45 of 1st period - Stopped by Leland Irving with a rebound.
18:47 of 1st period - Slapshot by Mike Reilly.
18:47 of 1st period - Stopped by Leland Irving without a rebound.
18:48 of 1st period - Craig Cunningham wins face-off versus Jayson Megna in Rafales zone.
19:33 of 1st period - Snap shot by Craig Cunningham.
19:33 of 1st period - Shot Misses the Net.
19:35 of 1st period - Snap shot by Mike Amadio.
19:35 of 1st period - Goal by Mike Amadio - Rafales : 0 - Coutelas : 3.
19:36 of 1st period - Tanner Richard wins face-off versus Jayson Megna in neutral zone.
19:41 of 1st period - Snap shot by Garnet Hathaway.
19:41 of 1st period - Shot Blocked by Gabriel Carlsson.
19:43 of 1st period - Wrist shot by Garnet Hathaway.
19:43 of 1st period - Shot Blocked by Julian Melchiori.
19:45 of 1st period - Slapshot by Nick Mattson.
19:45 of 1st period - Shot Misses the Net.
19:47 of 1st period - Slapshot by Mike Reilly.
19:47 of 1st period - Shot Misses the Net.
Goals for this period are 0 for Rafales vs 3 for Coutelas.
Shots for this period are 8 for Rafales vs 11 for Coutelas.
2nd period
0:01 of 2nd period - Zac Dalpe wins face-off versus Tanner Richard in neutral zone.
0:06 of 2nd period - Garnet Hathaway is hit by Dylan McIlrath and loses puck.
0:15 of 2nd period - Slapshot by Garnet Hathaway.
0:15 of 2nd period - Shot Misses the Net.
0:25 of 2nd period - Ben Harpur is hit by Jayson Megna and loses puck.
0:34 of 2nd period - Backhand shot by Dustin Kohn.
0:34 of 2nd period - Goal by Dustin Kohn - Rafales : 0 - Coutelas : 4.
0:34 of 2nd period - Chris Driedger enters game.
0:35 of 2nd period - Zac Dalpe wins face-off versus Tanner Richard in neutral zone.
0:48 of 2nd period - Snap shot by Garnet Hathaway.
0:48 of 2nd period - Shot Blocked by Gabriel Carlsson.
0:50 of 2nd period - Slapshot by Craig Cunningham.
0:50 of 2nd period - Stopped by Chris Driedger with a rebound.
1:00 of 2nd period - Teemu Pulkkinen is hit by Jayson Megna and loses puck.
1:09 of 2nd period - Wrist shot by Juraj Mikus.
1:09 of 2nd period - Stopped by Chris Driedger without a rebound.
1:10 of 2nd period - Craig Cunningham wins face-off versus Garret Ross in Rafales zone.
1:15 of 2nd period - Snap shot by Craig Cunningham.
1:15 of 2nd period - Shot Misses the Net.
1:35 of 2nd period - Nick Mattson is hit by James Sheppard and loses puck.
1:46 of 2nd period - Snap shot by Andrew Shaw.
1:46 of 2nd period - Goal by Andrew Shaw - Rafales : 1 - Coutelas : 4.
1:47 of 2nd period - Tanner Richard wins face-off versus Zac Dalpe in neutral zone.
2:41 of 2nd period - Slapshot by Mike Reilly.
2:41 of 2nd period - Stopped by Chris Driedger with a rebound.
2:43 of 2nd period - Slapshot by Mikhail Grigorenko.
2:43 of 2nd period - Shot Misses the Net.
2:53 of 2nd period - Snap shot by Dylan McIlrath.
2:53 of 2nd period - Deflect By Oliver Bjorkstrand.
2:53 of 2nd period - Stopped by Joe Cannata with a rebound.
3:10 of 2nd period - Off-side.
3:11 of 2nd period - Tanner Richard wins face-off versus Joe Labate in neutral zone.
3:24 of 2nd period - Wrist shot by Brian Ferlin.
3:24 of 2nd period - Stopped by Joe Cannata with a rebound.
3:26 of 2nd period - Slapshot by Joe Labate.
3:26 of 2nd period - Stopped by Joe Cannata without a rebound.
3:27 of 2nd period - Juraj Mikus wins face-off versus Andrew Shaw in Coutelas zone.
3:27 of 2nd period - Juraj Mikus is hit by Andrew Shaw.
3:41 of 2nd period - Snap shot by Teemu Pulkkinen.
3:41 of 2nd period - Shot Blocked by Gabriel Carlsson.
3:43 of 2nd period - Snap shot by Juraj Mikus.
3:43 of 2nd period - Stopped by Chris Driedger with a rebound.
4:08 of 2nd period - Julian Melchiori is hit by Garnet Hathaway and loses puck.
5:10 of 2nd period - Gabriel Carlsson is hit by Patrick Sieloff and loses puck.
6:17 of 2nd period - Ben Thomson is hit by Craig Cunningham and loses puck.
6:42 of 2nd period - Wrist shot by Garnet Hathaway.
6:42 of 2nd period - Deflect By Kurtis Gabriel.
6:42 of 2nd period - Shot Misses the Net.
6:42 of 2nd period - Puck is out of play.
6:43 of 2nd period - Zac Dalpe wins face-off versus Mikhail Grigorenko in Rafales zone.
6:48 of 2nd period - Mike Reilly is hit by Zac Dalpe.
7:29 of 2nd period - Snap shot by Jayson Megna.
7:29 of 2nd period - Shot Blocked by Craig Cunningham.
7:31 of 2nd period - Snap shot by Brian Ferlin.
7:31 of 2nd period - Stopped by Joe Cannata with a rebound.
7:33 of 2nd period - Wrist shot by Jayson Megna.
7:33 of 2nd period - Stopped by Joe Cannata without a rebound.
7:34 of 2nd period - Zac Dalpe wins face-off versus Tanner Richard in Coutelas zone.
7:47 of 2nd period - Slapshot by Andrew Shaw.
7:47 of 2nd period - Shot Blocked by Craig Cunningham.
7:49 of 2nd period - Slapshot by Slater Koekkoek.
7:49 of 2nd period - Stopped by Joe Cannata without a rebound.
7:50 of 2nd period - Jayson Megna wins face-off versus Juraj Mikus in Coutelas zone.
7:54 of 2nd period - Minor Penalty to Ben Harpur for Hooking.
7:55 of 2nd period - Zac Dalpe wins face-off versus Juraj Mikus in Coutelas zone.
7:59 of 2nd period - Snap shot by Andrew Shaw.
7:59 of 2nd period - Shot Misses the Net.
8:01 of 2nd period - Wrist shot by James Sheppard.
8:01 of 2nd period - Stopped by Joe Cannata without a rebound.
8:02 of 2nd period - Juraj Mikus wins face-off versus Zac Dalpe in Coutelas zone.
9:54 of 2nd period - Penalty to Ben Harpur is over, Ben Harpur is back on ice.
10:14 of 2nd period - Snap shot by Ryan Bourque.
10:14 of 2nd period - Stopped by Joe Cannata without a rebound.
10:15 of 2nd period - Ben Thomson wins face-off versus Garnet Hathaway in Coutelas zone.
10:24 of 2nd period - Snap shot by Ryan Bourque.
10:24 of 2nd period - Shot Misses the Net.
10:26 of 2nd period - Slapshot by Connor Murphy.
10:26 of 2nd period - Stopped by Joe Cannata with a rebound.
10:28 of 2nd period - Snap shot by Ryan Bourque.
10:28 of 2nd period - Shot Misses the Net.
10:30 of 2nd period - Slapshot by Gabriel Carlsson.
10:30 of 2nd period - Shot Misses the Net.
11:16 of 2nd period - Ryan Bourque is hit by Rhett Rakhshani and loses puck.
11:33 of 2nd period - Patrick Sieloff is hit by Joe Labate and loses puck.
12:10 of 2nd period - James Sheppard is hit by Mattias Janmark and loses puck.
12:42 of 2nd period - Icing by Julian Melchiori.
12:43 of 2nd period - Mikhail Grigorenko wins face-off versus Joe Labate in Rafales zone.
12:46 of 2nd period - Slapshot by Mattias Janmark.
12:46 of 2nd period - Stopped by Chris Driedger with a rebound.
12:48 of 2nd period - Wrist shot by Mikhail Grigorenko.
12:48 of 2nd period - Shot Misses the Net.
12:50 of 2nd period - Slapshot by Mattias Janmark.
12:50 of 2nd period - Shot Misses the Net.
12:52 of 2nd period - Snap shot by Mattias Janmark.
12:52 of 2nd period - Stopped by Chris Driedger with a rebound.
12:54 of 2nd period - Slapshot by Nick Mattson.
12:54 of 2nd period - Stopped by Chris Driedger with a rebound.
12:56 of 2nd period - Slapshot by Mike Reilly.
12:56 of 2nd period - Shot Blocked by Connor Murphy.
13:16 of 2nd period - Slapshot by Andrew Shaw.
13:16 of 2nd period - Shot Misses the Net.
13:18 of 2nd period - Slapshot by Connor Murphy.
13:18 of 2nd period - Stopped by Joe Cannata without a rebound.
13:19 of 2nd period - Jayson Megna wins face-off versus Tanner Richard in Coutelas zone.
13:20 of 2nd period - Wrist shot by Brian Ferlin.
13:20 of 2nd period - Stopped by Joe Cannata with a rebound.
13:22 of 2nd period - Slapshot by Brian Ferlin.
13:22 of 2nd period - Stopped by Joe Cannata without a rebound.
13:23 of 2nd period - Jayson Megna wins face-off versus Tanner Richard in Coutelas zone.
13:39 of 2nd period - Icing by Dustin Kohn.
13:40 of 2nd period - Zac Dalpe wins face-off versus Tanner Richard in Coutelas zone.
13:41 of 2nd period - Snap shot by Andrew Shaw.
13:41 of 2nd period - Deflect By James Sheppard.
13:41 of 2nd period - Shot Misses the Net.
13:41 of 2nd period - Puck is out of play.
13:42 of 2nd period - Zac Dalpe wins face-off versus Tanner Richard in Coutelas zone.
13:55 of 2nd period - Slapshot by Dustin Kohn.
13:55 of 2nd period - Deflect By Garnet Hathaway.
13:55 of 2nd period - Shot Misses the Net.
13:55 of 2nd period - Puck is out of play.
13:56 of 2nd period - Mike Amadio wins face-off versus Jayson Megna in Rafales zone.
15:09 of 2nd period - Slapshot by Dylan McIlrath.
15:09 of 2nd period - Stopped by Joe Cannata with a rebound.
15:27 of 2nd period - Wrist shot by James Sheppard.
15:27 of 2nd period - Stopped by Joe Cannata without a rebound.
15:28 of 2nd period - Mike Amadio wins face-off versus Zac Dalpe in Coutelas zone.
15:38 of 2nd period - Slapshot by Mike Reilly.
15:38 of 2nd period - Stopped by Chris Driedger without a rebound.
15:39 of 2nd period - Juraj Mikus wins face-off versus Zac Dalpe in Rafales zone.
16:03 of 2nd period - Minor Penalty to Brian Ferlin for Hooking.
16:04 of 2nd period - Jayson Megna wins face-off versus Tanner Richard in Rafales zone.
16:20 of 2nd period - Wrist shot by Tanner Richard.
16:20 of 2nd period - Shot Misses the Net.
16:54 of 2nd period - Snap shot by Ben Thomson.
16:54 of 2nd period - Stopped by Joe Cannata without a rebound.
16:55 of 2nd period - Tanner Richard wins face-off versus Ryan Bourque in Coutelas zone.
17:48 of 2nd period - Ben Harpur is hit by Joey Laleggia and loses puck.
18:03 of 2nd period - Penalty to Brian Ferlin is over, Brian Ferlin is back on ice.
18:09 of 2nd period - Slapshot by Dustin Kohn.
18:09 of 2nd period - Deflect By Mikhail Grigorenko.
18:09 of 2nd period - Stopped by Chris Driedger without a rebound.
18:10 of 2nd period - Zac Dalpe wins face-off versus Mikhail Grigorenko in Rafales zone.
18:17 of 2nd period - Snap shot by Andrew Shaw.
18:17 of 2nd period - Stopped by Joe Cannata without a rebound.
18:18 of 2nd period - Zac Dalpe wins face-off versus Tanner Richard in Coutelas zone.
18:23 of 2nd period - Snap shot by Zac Dalpe.
18:23 of 2nd period - Stopped by Joe Cannata with a rebound.
18:25 of 2nd period - Snap shot by Zac Dalpe.
18:25 of 2nd period - Stopped by Joe Cannata without a rebound.
18:26 of 2nd period - Zac Dalpe wins face-off versus Tanner Richard in Coutelas zone.
18:27 of 2nd period - Wrist shot by Andrew Shaw.
18:27 of 2nd period - Stopped by Joe Cannata with a rebound.
18:29 of 2nd period - Slapshot by Andrew Shaw.
18:29 of 2nd period - Stopped by Joe Cannata without a rebound.
18:30 of 2nd period - Zac Dalpe wins face-off versus Tanner Richard in Coutelas zone.
19:41 of 2nd period - Wrist shot by Craig Cunningham.
19:41 of 2nd period - Stopped by Chris Driedger without a rebound.
19:42 of 2nd period - Mike Amadio wins face-off versus Zac Dalpe in Rafales zone.
19:51 of 2nd period - Slapshot by Julian Melchiori.
19:51 of 2nd period - Stopped by Joe Cannata without a rebound.
19:52 of 2nd period - Jayson Megna wins face-off versus Tanner Richard in Coutelas zone.
19:55 of 2nd period - Wrist shot by Garret Ross.
19:55 of 2nd period - Shot Misses the Net.
Goals for this period are 1 for Rafales vs 1 for Coutelas.
Shots for this period are 22 for Rafales vs 11 for Coutelas.
3rd period
0:01 of 3rd period - Tanner Richard wins face-off versus Jayson Megna in neutral zone.
0:06 of 3rd period - Snap shot by Garnet Hathaway.
0:06 of 3rd period - Stopped by Chris Driedger without a rebound.
0:07 of 3rd period - Jayson Megna wins face-off versus Tanner Richard in Rafales zone.
0:07 of 3rd period - Jayson Megna is hit by Tanner Richard.
0:20 of 3rd period - Minor Penalty to Garnet Hathaway for Cross-checking.
0:21 of 3rd period - Andrew Shaw wins face-off versus Juraj Mikus in Coutelas zone.
0:42 of 3rd period - Minor Penalty to Zac Dalpe for Cross-checking.
0:43 of 3rd period - James Sheppard wins face-off versus Mike Amadio in Rafales zone.
0:43 of 3rd period - James Sheppard is hit by Dustin Kohn.
0:55 of 3rd period - Ben Harpur is hit by James Sheppard and loses puck.
1:05 of 3rd period - Icing by Mike Amadio.
1:06 of 3rd period - Ryan Bourque wins face-off versus Mike Amadio in Coutelas zone.
2:07 of 3rd period - Dustin Kohn is hit by Andrew Shaw and loses puck.
2:20 of 3rd period - Penalty to Garnet Hathaway is over, Garnet Hathaway is back on ice.
2:42 of 3rd period - Penalty to Zac Dalpe is over, Zac Dalpe is back on ice.
3:07 of 3rd period - Slapshot by Garnet Hathaway.
3:07 of 3rd period - Shot Hit the Post.
3:09 of 3rd period - Slapshot by Ben Harpur.
3:09 of 3rd period - Shot Misses the Net.
3:11 of 3rd period - Slapshot by Tanner Richard.
3:11 of 3rd period - Stopped by Chris Driedger without a rebound.
3:12 of 3rd period - Zac Dalpe wins face-off versus Mikhail Grigorenko in Rafales zone.
3:17 of 3rd period - Mike Reilly is hit by Zac Dalpe.
3:26 of 3rd period - Icing by Mattias Janmark.
3:27 of 3rd period - Kurtis Gabriel wins face-off versus Ryan Bourque in Coutelas zone.
3:27 of 3rd period - Kurtis Gabriel is hit by Ryan Bourque.
4:53 of 3rd period - Snap shot by Ben Thomson.
4:53 of 3rd period - Stopped by Joe Cannata with a rebound.
4:55 of 3rd period - Snap shot by Dylan McIlrath.
4:55 of 3rd period - Shot Blocked by Mike Reilly.
4:57 of 3rd period - Snap shot by Dylan McIlrath.
4:57 of 3rd period - Stopped by Joe Cannata with a rebound.
5:07 of 3rd period - Julian Melchiori is hit by Oliver Bjorkstrand and loses puck.
5:34 of 3rd period - Minor Penalty to Oliver Bjorkstrand for Hooking.
5:35 of 3rd period - Zac Dalpe wins face-off versus Juraj Mikus in Coutelas zone.
5:44 of 3rd period - Slapshot by Andrew Shaw.
5:44 of 3rd period - Shot Misses the Net.
5:46 of 3rd period - Snap shot by James Sheppard.
5:46 of 3rd period - Stopped by Joe Cannata without a rebound.
5:47 of 3rd period - Juraj Mikus wins face-off versus Zac Dalpe in Coutelas zone.
7:34 of 3rd period - Penalty to Oliver Bjorkstrand is over, Oliver Bjorkstrand is back on ice.
7:40 of 3rd period - Snap shot by Mikhail Grigorenko.
7:40 of 3rd period - Shot Misses the Net.
7:54 of 3rd period - Oliver Bjorkstrand is hit by Ryan Bourque and loses puck.
8:23 of 3rd period - Wrist shot by Mattias Janmark.
8:23 of 3rd period - Shot Misses the Net.
8:25 of 3rd period - Snap shot by Kurtis Gabriel.
8:25 of 3rd period - Deflect By Connor Murphy.
8:25 of 3rd period - Stopped by Chris Driedger with a rebound.
8:27 of 3rd period - Slapshot by Julius Honka.
8:27 of 3rd period - Deflect By Kurtis Gabriel.
8:27 of 3rd period - Shot Misses the Net.
8:27 of 3rd period - Puck is out of play.
8:28 of 3rd period - Juraj Mikus wins face-off versus Joe Labate in Rafales zone.
8:29 of 3rd period - Slapshot by Rhett Rakhshani.
8:29 of 3rd period - Stopped by Chris Driedger without a rebound.
8:30 of 3rd period - Juraj Mikus wins face-off versus Joe Labate in Rafales zone.
8:31 of 3rd period - Snap shot by Teemu Pulkkinen.
8:31 of 3rd period - Stopped by Chris Driedger without a rebound.
8:32 of 3rd period - Zac Dalpe wins face-off versus Juraj Mikus in Rafales zone.
8:48 of 3rd period - Minor Penalty to Andrew Shaw for Boarding.
8:49 of 3rd period - Tanner Richard wins face-off versus Jayson Megna in Rafales zone.
8:55 of 3rd period - Wrist shot by Tanner Richard.
8:55 of 3rd period - Stopped by Chris Driedger with a rebound.
9:09 of 3rd period - Joey Laleggia is hit by Ben Harpur and loses puck.
9:21 of 3rd period - Icing by Rhett Rakhshani.
9:22 of 3rd period - Jayson Megna wins face-off versus Juraj Mikus in Coutelas zone.
9:33 of 3rd period - Wrist shot by Craig Cunningham.
9:33 of 3rd period - Shot Misses the Net.
9:35 of 3rd period - Snap shot by Tanner Richard.
9:35 of 3rd period - Deflect By Jayson Megna.
9:35 of 3rd period - Shot Blocked by Connor Murphy.
9:35 of 3rd period - Puck is out of play.
9:36 of 3rd period - Tanner Richard wins face-off versus Jayson Megna in Rafales zone.
10:21 of 3rd period - Jayson Megna is hit by Tanner Richard and loses puck.
10:40 of 3rd period - Teemu Pulkkinen is hit by Brad Ross and loses puck.
10:48 of 3rd period - Penalty to Andrew Shaw is over, Andrew Shaw is back on ice.
11:33 of 3rd period - Craig Cunningham is hit by Andrew Shaw and loses puck.
11:38 of 3rd period - Slapshot by Andrew Shaw.
11:38 of 3rd period - Shot Misses the Net.
11:54 of 3rd period - Juraj Mikus is hit by Borna Rendulic and loses puck.
11:59 of 3rd period - Snap shot by Ben Thomson.
11:59 of 3rd period - Shot Misses the Net.
13:10 of 3rd period - Tyrell Goulbourne is hit by Rhett Rakhshani and loses puck.
13:26 of 3rd period - Minor Penalty to Patrick Sieloff for Interference.
13:27 of 3rd period - Juraj Mikus wins face-off versus Zac Dalpe in Coutelas zone.
13:39 of 3rd period - Dustin Kohn is hit by Slater Koekkoek and loses puck.
13:52 of 3rd period - Craig Cunningham is hit by Slater Koekkoek and loses puck.
14:19 of 3rd period - Brian Ferlin is hit by Juraj Mikus and loses puck.
15:26 of 3rd period - Penalty to Patrick Sieloff is over, Patrick Sieloff is back on ice.
15:27 of 3rd period - Ben Harpur is hit by Brad Ross and loses puck.
15:41 of 3rd period - Off-side.
15:42 of 3rd period - Jayson Megna wins face-off versus Mikhail Grigorenko in neutral zone.
16:01 of 3rd period - Dylan McIlrath is hit by Mikhail Grigorenko and loses puck.
16:12 of 3rd period - James Sheppard is hit by Patrick Sieloff and loses puck.
16:43 of 3rd period - Wrist shot by Oliver Bjorkstrand.
16:43 of 3rd period - Shot Misses the Net.
16:45 of 3rd period - Snap shot by Mike Amadio.
16:45 of 3rd period - Shot Misses the Net.
16:57 of 3rd period - Snap shot by Ben Thomson.
16:57 of 3rd period - Stopped by Joe Cannata with a rebound.
16:59 of 3rd period - Slapshot by Borna Rendulic.
16:59 of 3rd period - Shot Misses the Net.
17:09 of 3rd period - Ryan Bourque is hit by Mikhail Grigorenko.
17:20 of 3rd period - Wrist shot by Mikhail Grigorenko.
17:20 of 3rd period - Shot Misses the Net.
17:24 of 3rd period - Snap shot by Kurtis Gabriel.
17:24 of 3rd period - Goal by Kurtis Gabriel - Rafales : 1 - Coutelas : 5.
17:25 of 3rd period - Zac Dalpe wins face-off versus Tanner Richard in neutral zone.
17:35 of 3rd period - Tanner Richard is hit by James Sheppard and loses puck.
18:11 of 3rd period - Slapshot by Julian Melchiori.
18:11 of 3rd period - Shot Misses the Net.
18:13 of 3rd period - Slapshot by Borna Rendulic.
18:13 of 3rd period - Shot Blocked by Patrick Sieloff.
18:15 of 3rd period - Wrist shot by Borna Rendulic.
18:15 of 3rd period - Shot Blocked by Julius Honka.
18:17 of 3rd period - Slapshot by Gabriel Carlsson.
18:17 of 3rd period - Shot Misses the Net.
18:23 of 3rd period - Slapshot by Ryan Bourque.
18:23 of 3rd period - Shot Misses the Net.
18:47 of 3rd period - Andrew Shaw is hit by Oliver Bjorkstrand and loses puck.
19:04 of 3rd period - Wrist shot by Juraj Mikus.
19:04 of 3rd period - Shot Misses the Net.
19:06 of 3rd period - Slapshot by Juraj Mikus.
19:06 of 3rd period - Stopped by Chris Driedger without a rebound.
19:07 of 3rd period - Tanner Richard wins face-off versus Ryan Bourque in Rafales zone.
19:23 of 3rd period - Ben Harpur is hit by Dylan McIlrath.
19:33 of 3rd period - Slater Koekkoek is hit by Dustin Kohn and loses puck.
19:38 of 3rd period - Slapshot by Juraj Mikus.
19:38 of 3rd period - Deflect By Teemu Pulkkinen.
19:38 of 3rd period - Shot Misses the Net.
19:38 of 3rd period - Puck is out of play.
19:39 of 3rd period - Jayson Megna wins face-off versus Juraj Mikus in Rafales zone.
Goals for this period are 0 for Rafales vs 1 for Coutelas.
Shots for this period are 4 for Rafales vs 8 for Coutelas.